 Dungeon Crawl Stone Soup version 0.25.1-9-gc5326a611f (webtiles) character file.

Game seed: 3220733638655034909

444 zekoff the Covered (level 6, 32/56 HPs)
             Began as a Minotaur Fighter on Oct 7, 2020.
             Quit the game on level 3 of the Dungeon on Jan 3, 2021.
             The game lasted 00:14:13 (2383 turns).

zekoff the Covered (Minotaur Fighter)               Turns: 2383, Time: 00:14:14

Health: 32/56      AC:  8    Str: 22    XL:     6   Next: 72%
Magic:  5/5        EV:  8    Int:  5    God:
Gold:   134        SH: 10    Dex: 10    Spells: 5/5 levels left

rFire    . . .     SeeInvis .   a - +0 long sword
rCold    . . .     Gourm    .   c - +0 kite shield
rNeg     . . .     Faith    .   b - +1 scale mail
rPois    .         Spirit   .   (helmet restricted)
rElec    .         Reflect  .   (no cloak)
rCorr    .         Harm     .   (no gloves)
MR       .....                  (no boots)
Stlth    ..........             (no amulet)
HPRegen  0.18/turn              (no ring)
MPRegen  0.09/turn              (no ring)

@: no status effects
A: retaliatory headbutt, horns 2
a: no special abilities


You were on level 3 of the Dungeon.
You were not hungry.

You visited 1 branch of the dungeon, and saw 3 of its levels.

You collected 134 gold pieces.

Inventory:

Hand Weapons
 a - a +0 long sword (weapon)
Armour
 b - a +1 scale mail (worn)
 c - a +0 kite shield (worn)
Jewellery
 e - a cursed amulet of inaccuracy
Wands
 j - a wand of flame (14)
Scrolls
 h - 2 scrolls of teleportation
 l - a scroll of identify
Potions
 i - a potion of brilliance
Comestibles
 f - 4 rations
 g - 4 chunks of flesh


   Skills:
 + Level 5.0 Fighting
 + Level 5.2 Long Blades
 + Level 5.2 Armour
 + Level 1.9 Dodging
 + Level 1.0 Stealth
 + Level 5.1 Shields


You had 5 spell levels left.
You didn't know any spells.
Your spell library was empty.

Dungeon Overview and Level Annotations

Branches:
Dungeon (3/15)

Altars:
Sif Muna


Innate Abilities, Weirdness & Mutations

You reflexively headbutt those who attack you in melee.
You have a pair of horns on your head.


Message History

You hit the hobgoblin but do no damage. You block the hobgoblin's attack.
You barely miss the hobgoblin. Your headbutt misses the hobgoblin.
You block the hobgoblin's attack. The hobgoblin barely misses you.
You riposte.
Your shield prevents you from hitting the hobgoblin.
Your headbutt misses the hobgoblin. You hit the hobgoblin.
You headbutt the hobgoblin.
The hobgoblin is severely wounded.
You block the hobgoblin's attack.
You hit the hobgoblin.
You kill the hobgoblin!
Okay, then.
Quiver which item? (- for none, * to show all) (? for menu, Esc to quit)
Okay, then.
Save game and exit?
Welcome back, zekoff the Minotaur Fighter.
Press ? for a list of commands and other information.
Okay, then.
Quiver which item? (- for none, * to show all) (? for menu, Esc to quit)
Okay, then.
Are you sure you want to abandon this character and quit the game? (Confirm with "yes".)

###[.##..#...## #...#
#.# # ...........#.#
#.."###)#.###
###..#####.#.#
#..)...)....# ...#
#.#.# #.รท#####..#.#
##..# #. #..# ..#
#..# #. ##..# ....
...# #. #.[.# ..#.#
...# #.
#..######..#.# ..# #.
#@.......... .
###.##.###).######.##
# #........[..#
..#.##............
..........######
....##.###.#
.g......# #.#
....%.... ..#
#.####### #.#


There were no monsters in sight!

Vanquished Creatures
  Sigmund (D:2)
  An orc warrior (D:3)
  2 orc wizards (D:3)
  4 adders (D:2)
  3 gnolls (D:2)
  An ooze (D:1)
  A worm (D:2)
  A dart slug (D:2)
  4 leopard geckos
  3 orcs (D:3)
  2 ball pythons
  2 giant cockroaches
  8 goblins
  8 hobgoblins
  3 jackals (D:1)
  2 quokkas (D:2)
  4 bats (D:1)
  3 frilled lizards
  7 kobolds
  8 rats
68 creatures vanquished.

Notes
Turn   | Place    | Note
-------+----------+-------------------------------------------
     0 | D:1      | zekoff the Minotaur Fighter began the quest for the Orb.
     0 | D:1      | Reached XP level 1. HP: 19/19 MP: 0/0
   159 | D:1      | Reached XP level 2. HP: 24/27 MP: 1/1
   602 | D:1      | Reached XP level 3. HP: 33/33 MP: 2/2
   885 | D:2      | Noticed Sigmund
  1307 | D:2      | Reached XP level 4. HP: 40/40 MP: 3/3
  1332 | D:2      | Found a shimmering blue altar of Sif Muna.
  1495 | D:2      | Killed Sigmund
  1495 | D:2      | Reached skill level 1 in Dodging
  1495 | D:2      | Reached XP level 5. HP: 6/47 MP: 4/4
  1801 | D:2      | Reached skill level 5 in Armour
  1801 | D:2      | Reached XP level 6. HP: 52/53 MP: 5/5
  2235 | D:3      | Reached skill level 5 in Shields
  2270 | D:3      | Noticed an orc warrior
  2279 | D:3      | Killed an orc warrior
  2279 | D:3      | Reached skill level 5 in Fighting
  2279 | D:3      | Reached skill level 5 in Long Blades
  2284 | D:3      | Reached skill level 1 in Stealth
  2383 | D:3      | Upgraded the game from 0.25.1-2-g60ff931df9 to
                  | 0.25.1-9-gc5326a611f
  2383 | D:3      | Quit the game

Illustrated notes

Levels and vault maps discovered:
D:1:      minmay_arrival_plants_in_alcoves, layout_basic
D:2:      layout_loops_ring, lemuel_doored_altar, uniq_sigmund
D:3:      layout_loops_ring, hangedman_decor_clover_reticule

Skill      XL: |  1  2  3  4  5  6 |
---------------+-------------------+-----
Armour         | 4 5 |  5.2
Fighting       | 4 5 |  5.0
Shields        | 4 5 |  5.1
Long Blades    | 3 4 5 |  5.2
Dodging        | 1 |  1.9
Stealth        | 1 |  1.0

Action                   |  1- 3 |  4- 6 || total
-------------------------+-------+-------++-------
Melee: Long sword        |    98 |    80 ||   178
       Headbutt          |    15 |    14 ||    29
Evoke: Wand              |       |     1 ||     1
  Use: Potion            |     3 |     4 ||     7
       Scroll            |     3 |       ||     3
  Eat: Chunk             |     1 |     4 ||     5
Armor: Scale mail        |    37 |    25 ||    62
Dodge: Dodged            |    37 |    10 ||    47
Block: Kite shield       |    54 |    41 ||    95
       Rpst.: Long sword |     8 |     1 ||     9
